[Event "January 2 Late 2024"]
[Site "https://www.chess.com"]
[Date "2024.01.02"]
[Round "1"]
[White "Nakamura, Hikaru"]
[Black "Berezin, Viktor"]
[Result "1-0"]
[Board "1"]
[TimeControl "180+1"]
[WhiteFideId "2016192"]
[BlackFideId "14107872"]
[WhiteElo "3273"]
[BlackElo "2518"]
[WhiteTeam "USA"]
[BlackTeam "UKR"]
[WhiteClock "0:01:41"]
[BlackClock "0:00:35"]

1. Nf3 Nf6 2. g3 g6 3. Bg2 Bg7 4. O-O O-O 5. d4 d6 6. c4 Nc6 7. Nc3 a6 8. a3 Rb8 9. b4 b5 10. cxb5 axb5 11. Bb2 Bd7 12. d5 Na7 13. Nd4 Qc8 14. Rc1 c5 15. dxc6 Bh3 16. Qd3 Bxg2 17. Kxg2 e5 18. Nb3 Qxc6+ 19. e4 Qc4 20. Qxc4 bxc4 21. Na5 Rfc8 22. Rfd1 Nb5 23. Nxb5 Rxb5 24. Rxc4 Rxc4 25. Nxc4 Nxe4 26. Nxd6 Nxd6 27. Rxd6 Rb8 28. Rd5 Ra8 29. b5 Kf8 30. b6 Ke7 31. Rxe5+ Kf8 32. b7 Rb8 33. Rb5 1-0

[Event "January 2 Late 2024"]
[Site "https://www.chess.com"]
[Date "2024.01.02"]
[Round "1"]
[White "Bold, Andre"]
[Black "Nihal Sarin"]
[Result "0-1"]
[Board "2"]
[TimeControl "180+1"]
[WhiteFideId "16208471"]
[BlackFideId "25092340"]
[WhiteElo "2517"]
[BlackElo "3209"]
[WhiteTeam "GER"]
[BlackTeam "IND"]
[WhiteClock "0:00:17"]
[BlackClock "0:01:43"]

1. d4 Nf6 2. Nf3 g6 3. c3 Bg7 4. g3 O-O 5. Bg2 d6 6. O-O Nbd7 7. Nbd2 e5 8. e4 Re8 9. d5 Nc5 10. Qc2 a5 11. b3 c6 12. dxc6 bxc6 13. a3 d5 14. exd5 Bf5 15. Qa2 cxd5 16. b4 axb4 17. cxb4 Nd3 18. Ne1 Nxb4 19. Qb3 Nc6 20. a4 Qa5 21. Ndf3 e4 22. Nh4 Be6 23. Bb2 Reb8 24. Qa3 Rxb2 25. Qxb2 Ng4 26. Qc1 Bxa1 27. Qxc6 Qxa4 28. Qxa4 Rxa4 29. Nc2 Bf6 30. Bh3 Bxh4 31. gxh4 Ne5 32. Bxe6 fxe6 33. Kg2 Nf3 34. Kg3 d4 35. Rd1 Rc4 36. Ne1 Nxe1 37. Rxe1 d3 38. Kf4 Kf7 39. Ke3 Rc2 40. Ra1 Re2+ 41. Kf4 d2 42. Ke5 Re1 43. Ra7+ Ke8 44. Kxe6 d1=Q 0-1

[Event "January 2 Late 2024"]
[Site "https://www.chess.com"]
[Date "2024.01.02"]
[Round "1"]
[White "Vachier-Lagrave, Maxime"]
[Black "Korpics, Zsolt"]
[Result "1-0"]
[Board "3"]
[TimeControl "180+1"]
[WhiteFideId "623539"]
[BlackFideId "705241"]
[WhiteElo "3206"]
[BlackElo "2517"]
[WhiteTeam "FRA"]
[BlackTeam "HUN"]
[WhiteClock "0:01:25"]
[BlackClock "0:00:01"]

1. e4 c5 2. Nf3 e6 3. d4 cxd4 4. Nxd4 Nc6 5. Nc3 Qc7 6. Qd3 Nf6 7. Ndb5 Qb8 8. Qg3 d6 9. Bf4 e5 10. Bg5 a6 11. Na3 Be6 12. Bxf6 gxf6 13. Nc4 b5 14. Ne3 Nd4 15. Bd3 Bh6 16. Ncd5 Bxe3 17. fxe3 Bxd5 18. exd5 e4 19. Bxe4 Kf8 20. exd4 Qe8 21. Qf3 f5 22. Qxf5 Qe7 23. O-O Re8 24. Rae1 Rg8 25. Bd3 Qd8 26. Qxf7# 1-0

[Event "January 2 Late 2024"]
[Site "https://www.chess.com"]
[Date "2024.01.02"]
[Round "1"]
[White "Weisz, Bryan"]
[Black "Firouzja, Alireza"]
[Result "0-1"]
[Board "4"]
[TimeControl "180+1"]
[WhiteFideId "30934133"]
[BlackFideId "12573981"]
[WhiteElo "2516"]
[BlackElo "3161"]
[WhiteTeam "USA"]
[BlackTeam "FRA"]
[WhiteClock "0:00:07"]
[BlackClock "0:01:12"]

1. e4 c6 2. d4 d5 3. f3 Qb6 4. Nc3 e6 5. a3 Nd7 6. Be3 Ngf6 7. e5 Nxe5 8. Na4 Qa5+ 9. c3 Nc4 10. Bxc4 dxc4 11. Nc5 Nd5 12. Bf2 b6 13. Ne4 Nf4 14. b4 cxb3 15. g3 b2 16. Rb1 Nd5 17. Ne2 Bxa3 18. O-O Ba6 19. Re1 O-O 20. Qc2 Bc4 21. Ng5 Nf6 22. Be3 Qb5 23. Nf4 Qb3 24. Qg2 h6 25. Ne4 Nxe4 26. fxe4 Qxc3 27. e5 Bd5 28. Qh3 Be4 29. Nh5 Bxb1 30. Nf6+ gxf6 31. Rf1 Qxe3+ 0-1

[Event "January 2 Late 2024"]
[Site "https://www.chess.com"]
[Date "2024.01.02"]
[Round "1"]
[White "Naroditsky, Daniel"]
[Black "Bijaoui, Manuel"]
[Result "1-0"]
[Board "5"]
[TimeControl "180+1"]
[WhiteFideId "2026961"]
[BlackFideId "626783"]
[WhiteElo "3153"]
[BlackElo "2516"]
[WhiteTeam "USA"]
[BlackTeam "FRA"]
[WhiteClock "0:01:53"]
[BlackClock "0:01:20"]

1. e4 c5 2. c3 d5 3. exd5 Qxd5 4. d4 Nf6 5. Nf3 e6 6. Na3 Nc6 7. Be3 cxd4 8. Nb5 Qd8 9. Nbxd4 Bd7 10. Nxc6 Bxc6 11. Qxd8+ Kxd8 12. O-O-O+ Ke8 13. Ne5 Nd5 14. Bd4 Ba4 15. b3 Bc6 16. Nxc6 bxc6 17. Ba6 Ba3+ 18. Kc2 Ke7 19. Bb7 Rab8 20. Bxc6 Nf6 21. Bxa7 Rbc8 22. Bf3 Bc5 23. Bxc5+ Rxc5 24. b4 Rc7 25. Kb3 Rhc8 26. Rd3 Nd7 27. Re1 Nb6 28. a4 Nc4 29. a5 Rb8 30. a6 Rb6 31. Ra1 Ne5 32. a7 1-0

[Event "January 2 Late 2024"]
[Site "https://www.chess.com"]
[Date "2024.01.02"]
[Round "1"]
[White "Kovacsy, Barnabas"]
[Black "Nepomniachtchi, Ian"]
[Result "0-1"]
[Board "6"]
[TimeControl "180+1"]
[WhiteFideId "769290"]
[BlackFideId "4168119"]
[WhiteElo "2516"]
[BlackElo "3133"]
[WhiteTeam "HUN"]
[BlackTeam "RUS"]
[WhiteClock "0:00:08"]
[BlackClock "0:01:38"]

1. e4 c5 2. Nf3 d6 3. d4 cxd4 4. Nxd4 Nf6 5. f3 e5 6. Nb3 a5 7. Nc3 a4 8. Nd2 Be7 9. Bd3 O-O 10. O-O Be6 11. Nc4 Nc6 12. Be3 Nb4 13. a3 Nxd3 14. Qxd3 Ra6 15. Rfd1 Qc7 16. Nd2 h6 17. Nd5 Nxd5 18. exd5 Bd7 19. c4 f5 20. Rac1 Rc8 21. c5 dxc5 22. Nc4 Bf6 23. d6 Qc6 24. Qd5+ Qxd5 25. Rxd5 Be6 26. Rdd1 b5 27. Nd2 Rb6 28. Rxc5 Rxd6 29. Rxc8+ Bxc8 30. Rc1 Be6 31. Nb1 Bc4 32. Nc3 Rd3 33. Kf2 Kf7 34. Rd1 Ke6 35. Rxd3 Bxd3 36. Ke1 g5 37. Kd2 Bf1 38. g3 f4 39. Bf2 Bd8 40. Ne4 Ba5+ 41. Kd1 Bc4 42. Nc5+ Kd5 43. Ne4 Bd3 44. Nf6+ Kc4 45. Ng4 Bc7 46. Nxh6 Kb3 47. Kc1 e4 48. fxe4 Be5 49. Nf7 Bxb2+ 50. Kd2 Bxe4 51. Nxg5 Bd5 52. gxf4 Bxa3 53. f5 Bb4+ 54. Kc1 a3 55. Bd4 a2 56. Ba1 Bc3 57. Ne6 Bxa1 58. Nc5+ Ka3 59. Nd3 Bh8 60. Kc2 a1=N+ 61. Kd2 Nb3+ 62. Ke3 Nd4 63. Kf4 b4 64. h4 b3 65. h5 Bc4 66. Nc1 b2 67. h6 bxc1=N 68. Kg5 Nd3 69. Kg6 Bg8 70. f6 Ne5+ 71. Kg5 Bh7 72. f7 Nxf7+ 73. Kh5 Bf6 74. Kg4 Kb4 75. Kf4 Kc4 76. Kg4 Kd3 77. Kh5 Bf5 78. h7 Ne6 79. h8=N Nf4# 0-1

[Event "January 2 Late 2024"]
[Site "https://www.chess.com"]
[Date "2024.01.02"]
[Round "1"]
[White "Aronian, Levon"]
[Black "Matta, Nicholas"]
[Result "1-0"]
[Board "7"]
[TimeControl "180+1"]
[WhiteFideId "13300474"]
[BlackFideId "30914523"]
[WhiteElo "3117"]
[BlackElo "2515"]
[WhiteTeam "USA"]
[BlackTeam "USA"]
[WhiteClock "0:01:44"]
[BlackClock "0:00:18"]

1. e4 c5 2. Nf3 Nf6 3. e5 Nd5 4. Nc3 e6 5. Ne4 Nc6 6. c4 f5 7. Nd6+ Bxd6 8. exd6 Nf6 9. d4 cxd4 10. Nxd4 Qa5+ 11. Bd2 Qe5+ 12. Be3 f4 13. Nxc6 bxc6 14. Qd4 Qxd4 15. Bxd4 O-O 16. O-O-O Ne4 17. Bd3 Nf6 18. f3 Ba6 19. Rhe1 Rac8 20. Re5 h6 21. Ra5 Bb7 22. Rxa7 Rb8 23. c5 Nd5 24. Re1 Bc8 25. a3 g5 26. b4 Bb7 27. Kb2 Rfe8 28. Re5 Kf7 29. Kb3 Rg8 30. h3 h5 31. Be4 g4 32. Rxh5 gxh3 33. Rh7+ Ke8 34. gxh3 Ne3 35. Re7+ Kd8 36. Bf6 Kc8 37. Bxc6 1-0

[Event "January 2 Late 2024"]
[Site "https://www.chess.com"]
[Date "2024.01.02"]
[Round "1"]
[White "Davidson, Kevin"]
[Black "Paravyan, David"]
[Result "0-1"]
[Board "8"]
[TimeControl "180+1"]
[WhiteFideId "2056810"]
[BlackFideId "4194985"]
[WhiteElo "2514"]
[BlackElo "3107"]
[WhiteTeam "USA"]
[BlackTeam "FID"]
[WhiteClock "0:00:00"]
[BlackClock "0:00:34"]

1. e4 e5 2. Nf3 Nf6 3. Nxe5 d6 4. Nf3 Nxe4 5. Nc3 Nxc3 6. dxc3 Be7 7. Bf4 O-O 8. Qd2 Nd7 9. O-O-O Re8 10. Bd3 Nc5 11. h3 Nxd3+ 12. Qxd3 Bd7 13. Rhe1 Bf6 14. g4 g6 15. Rxe8+ Qxe8 16. Re1 Qf8 17. Qd2 Re8 18. Bh6 Rxe1+ 19. Nxe1 Qe7 20. Qe3 Qxe3+ 21. Bxe3 b6 22. Kd2 h5 23. f3 Bd8 24. c4 hxg4 25. hxg4 a6 26. Nd3 Bc6 27. f4 f6 28. g5 Kf7 29. Nb4 Bb7 30. Kd3 Ke6 31. gxf6 Bxf6 32. c3 c5 33. Nc2 b5 34. cxb5 axb5 35. b3 Kf5 36. c4 Be4+ 37. Kd2 b4 38. Ne1 Bc3+ 39. Ke2 Bb1 40. Nd3 Bxa2 41. Nc1 Bb1 42. Bd2 Bxd2 43. Kxd2 Kxf4 44. Ke2 g5 0-1

[Event "January 2 Late 2024"]
[Site "https://www.chess.com"]
[Date "2024.01.02"]
[Round "1"]
[White "Mamedyarov, Shakhriyar"]
[Black "Gavrilov, Maxim"]
[Result "1-0"]
[Board "9"]
[TimeControl "180+1"]
[WhiteFideId "13401319"]
[BlackFideId "24271454"]
[WhiteElo "3092"]
[BlackElo "2514"]
[WhiteTeam "AZE"]
[BlackTeam "RUS"]
[WhiteClock "0:01:24"]
[BlackClock "0:00:16"]

1. d4 Nf6 2. Bg5 d5 3. Nd2 c5 4. dxc5 Qa5 5. c3 Qxc5 6. Ngf3 Bg4 7. e3 Ne4 8. Qb3 Nxd2 9. Nxd2 Nc6 10. h3 Bd7 11. Be2 f6 12. Bh4 e5 13. O-O Na5 14. Qc2 Nc4 15. Nxc4 dxc4 16. Qe4 Rc8 17. Rad1 Bc6 18. Bh5+ Ke7 19. Qf5 h6 20. Qxc8 g5 21. Qc7+ Ke6 22. Qf7+ Kf5 23. Bg6# 1-0

[Event "January 2 Late 2024"]
[Site "https://www.chess.com"]
[Date "2024.01.02"]
[Round "1"]
[White "Gulamali, Kazim"]
[Black "Duda, Jan-Krzysztof"]
[Result "0-1"]
[Board "10"]
[TimeControl "180+1"]
[WhiteFideId "2024764"]
[BlackFideId "1170546"]
[WhiteElo "2511"]
[BlackElo "3060"]
[WhiteTeam "USA"]
[BlackTeam "POL"]
[WhiteClock "0:00:18"]
[BlackClock "0:01:01"]

1. e4 e6 2. d4 d5 3. e5 c5 4. c3 Bd7 5. Nf3 Qb6 6. Be2 Ne7 7. dxc5 Qxc5 8. O-O Ng6 9. Re1 Qc7 10. Bd3 Nc6 11. Qe2 a6 12. h4 Bc5 13. b4 Bb6 14. h5 Nge7 15. h6 gxh6 16. Bxh6 O-O-O 17. Bg7 Rhg8 18. Bf6 Rde8 19. Bxh7 Rg4 20. Nbd2 Ng6 21. Bxg6 Rxg6 22. Nh4 Rg3 23. Ndf3 Reg8 24. Kh2 R3g4 25. Rac1 Na7 26. Nd4 Bb5 27. Qf3 Kb8 28. Nxb5 Nxb5 29. a4 Na3 30. a5 Ba7 31. g3 Nc4 32. Rc2 Ka8 33. Ng2 Na3 34. Ra2 Nb5 35. Ne3 Qxc3 36. Rd1 Bxe3 37. fxe3 Rxg3 0-1

[Event "January 2 Late 2024"]
[Site "https://www.chess.com"]
[Date "2024.01.02"]
[Round "1"]
[White "Oparin, Grigoriy"]
[Black "Jimenez Almeida, Luis David"]
[Result "1-0"]
[Board "11"]
[TimeControl "180+1"]
[WhiteFideId "24125890"]
[BlackFideId "22242244"]
[WhiteElo "3050"]
[BlackElo "2511"]
[WhiteTeam "USA"]
[BlackTeam "ESP"]
[WhiteClock "0:01:42"]
[BlackClock "0:00:17"]

1. Nf3 b6 2. g3 Bb7 3. c4 Nf6 4. Bg2 e6 5. d4 Be7 6. O-O O-O 7. Nc3 Ne4 8. Bd2 Nxd2 9. Qxd2 d6 10. e4 Nd7 11. Rad1 c5 12. e5 cxd4 13. Qxd4 Bxf3 14. Bxf3 Nxe5 15. Bxa8 Qxa8 16. Qe4 Qxe4 17. Nxe4 Nxc4 18. b3 d5 19. bxc4 dxe4 20. Rd7 Bc5 21. Rxa7 Rd8 22. Re1 g5 23. Re2 Rd4 24. Rc2 Kg7 25. a4 Rd3 26. a5 e3 27. fxe3 Rxe3 28. Kg2 g4 29. Kf1 bxa5 30. Rxa5 Bb4 31. Rg5+ Kf6 32. Rxg4 Ke5 33. c5 f5 34. Rxb4 1-0

[Event "January 2 Late 2024"]
[Site "https://www.chess.com"]
[Date "2024.01.02"]
[Round "1"]
[White "Leyva Proenza, Richard"]
[Black "Martinez Alcantara, Jose Eduardo"]
[Result "0-1"]
[Board "12"]
[TimeControl "180+1"]
[WhiteFideId "3500985"]
[BlackFideId "3805662"]
[WhiteElo "2511"]
[BlackElo "3049"]
[WhiteTeam "VEN"]
[BlackTeam "PER"]
[WhiteClock "0:00:00"]
[BlackClock "0:00:43"]

1. e4 c5 2. Nf3 d6 3. d4 cxd4 4. Nxd4 a6 5. Nc3 e6 6. Bc4 Nf6 7. Bb3 Nbd7 8. Bg5 Nc5 9. Qe2 Qa5 10. Bxf6 gxf6 11. O-O-O Bd7 12. Kb1 O-O-O 13. a3 Nxb3 14. cxb3 Kb8 15. Rc1 Be7 16. Rhd1 Rc8 17. f4 h5 18. g3 h4 19. g4 h3 20. Rc2 Qb6 21. b4 Rhg8 22. Qf3 Rc4 23. Rcd2 Rh8 24. Qd3 Rcc8 25. Nb3 Bc6 26. Qe2 Rhe8 27. Na5 Bb5 28. Nxb5 Qxb5 29. Qxb5 axb5 30. Rd3 Rg8 31. Rg1 Rh8 32. Rgg3 Rh4 33. Rc3 Rg8 34. Nb3 Rhxg4 35. Rxg4 Rxg4 36. Rxh3 Rxf4 37. Rh7 Rxe4 38. Rxf7 Bd8 39. Rh7 f5 40. Kc2 Bb6 41. h4 Re2+ 42. Kb1 Rh2 43. h5 f4 44. h6 f3 45. Na5 Bxa5 46. bxa5 f2 47. Rf7 Rh1+ 0-1

[Event "January 2 Late 2024"]
[Site "https://www.chess.com"]
[Date "2024.01.02"]
[Round "1"]
[White "Pranav, V"]
[Black "Gasparyan, David"]
[Result "1-0"]
[Board "13"]
[TimeControl "180+1"]
[WhiteFideId "25060783"]
[BlackFideId "13311980"]
[WhiteElo "3036"]
[BlackElo "2510"]
[WhiteTeam "IND"]
[BlackTeam "USA"]
[WhiteClock "0:00:15"]
[BlackClock "0:00:00"]

1. e4 c5 2. Nf3 e6 3. d4 cxd4 4. Nxd4 Nc6 5. Nc3 Qc7 6. Be2 Nf6 7. O-O a6 8. Be3 d6 9. a4 Be7 10. f4 O-O 11. Kh1 b6 12. Nxc6 Qxc6 13. Bf3 e5 14. f5 Bb7 15. g4 h6 16. g5 hxg5 17. Bxg5 Qc4 18. Qe1 b5 19. Rg1 Rfc8 20. Qh4 Kf8 21. Qh8+ Ng8 22. f6 gxf6 23. Bh6+ Ke8 24. Rxg8+ Kd7 25. Bg4+ Kc7 26. Bxc8 Bxe4+ 27. Nxe4 Qxe4+ 28. Rg2 Rxc8 29. Qg7 Kb6 30. axb5 Rxc2 31. bxa6 Rxb2 32. Qg4 Rb1+ 33. Rxb1+ Qxb1+ 34. Rg1 Qc2 35. Be3+ Kxa6 36. Ra1+ Kb5 37. Qd7+ Kc4 38. Rc1 Qxc1+ 39. Bxc1 Bf8 40. Qxf7+ Kd3 41. Qxf8 Kc2 42. h4 Kd1 43. Qxd6+ 1-0

[Event "January 2 Late 2024"]
[Site "https://www.chess.com"]
[Date "2024.01.02"]
[Round "1"]
[White "Sonnenschein, Philipp"]
[Black "Makarian, Rudik"]
[Result "0-1"]
[Board "14"]
[TimeControl "180+1"]
[WhiteFideId "16250877"]
[BlackFideId "44105681"]
[WhiteElo "2510"]
[BlackElo "3031"]
[WhiteTeam "GER"]
[BlackTeam "FID"]
[WhiteClock "0:00:00"]
[BlackClock "0:00:15"]

1. d4 Nf6 2. c4 e6 3. Nf3 d5 4. g3 Bb4+ 5. Bd2 Be7 6. Bg2 O-O 7. O-O Nbd7 8. Bc3 c6 9. Nbd2 a5 10. b3 b5 11. Re1 Ba6 12. Ne5 Nxe5 13. dxe5 Nd7 14. cxd5 cxd5 15. e4 b4 16. Bd4 Nc5 17. exd5 exd5 18. Qg4 Ne6 19. Bb2 Bc5 20. Rad1 Qb6 21. Qf3 Nd4 22. Qg4 Ne6 23. Qf3 Rad8 24. Nf1 Nd4 25. Qg4 h5 26. Qxh5 Nc2 27. e6 fxe6 28. Qg4 Rf7 29. Rxe6 Bxf2+ 30. Kh1 Qa7 31. Rxd5 Rdf8 32. Rg5 Bd4 33. Bxd4 Nxd4 0-1

[Event "January 2 Late 2024"]
[Site "https://www.chess.com"]
[Date "2024.01.02"]
[Round "1"]
[White "Radjabov, Teimour"]
[Black "Dushyant Sharma"]
[Result "1-0"]
[Board "15"]
[TimeControl "180+1"]
[WhiteFideId "13400924"]
[BlackFideId "25065130"]
[WhiteElo "3031"]
[BlackElo "2510"]
[WhiteTeam "AZE"]
[BlackTeam "IND"]
[WhiteClock "0:01:27"]
[BlackClock "0:00:31"]

1. c4 e6 2. Nc3 d5 3. d4 c6 4. cxd5 exd5 5. Nf3 Nf6 6. Bf4 Bd6 7. Bg3 O-O 8. e3 Bf5 9. Qb3 b6 10. Be2 Qe7 11. Ne5 Rc8 12. f4 Nbd7 13. Bh4 c5 14. Nxd5 Qe6 15. Nxf6+ Nxf6 16. Bc4 Qe7 17. Bxf7+ Kf8 18. O-O Be4 19. Be6 Re8 20. Nd7+ Qxd7 21. Bxd7 Nxd7 22. Rad1 Rac8 23. f5 c4 24. Qb5 Nf6 25. Bg3 Bxg3 26. hxg3 Nd5 27. Rc1 Bd3 28. Qxd5 1-0

[Event "January 2 Late 2024"]
[Site "https://www.chess.com"]
[Date "2024.01.02"]
[Round "1"]
[White "Reprintsev, Alexander"]
[Black "Fedoseev, Vladimir"]
[Result "0-1"]
[Board "16"]
[TimeControl "180+1"]
[WhiteFideId "14100541"]
[BlackFideId "24130737"]
[WhiteElo "2510"]
[BlackElo "3030"]
[WhiteTeam "UKR"]
[BlackTeam "SLO"]
[WhiteClock "0:01:34"]
[BlackClock "0:01:36"]

1. e4 c6 2. Nc3 d5 3. Nf3 Bg4 4. h3 Bxf3 5. Qxf3 Nf6 6. e5 Nfd7 7. Qg3 e6 8. f4 h5 9. h4 g6 10. b3 c5 11. Bb2 Nc6 12. O-O-O a6 13. Re1 Ne7 14. Qf3 b5 15. g4 hxg4 16. Qxg4 Rh5 17. a4 b4 18. Nxd5 Nxd5 19. Bc4 N7b6 0-1

[Event "January 2 Late 2024"]
[Site "https://www.chess.com"]
[Date "2024.01.02"]
[Round "1"]
[White "Caruana, Fabiano"]
[Black "Tifferet, Shakked"]
[Result "1-0"]
[Board "17"]
[TimeControl "180+1"]
[WhiteFideId "2020009"]
[BlackFideId "2811529"]
[WhiteElo "3028"]
[BlackElo "2509"]
[WhiteTeam "USA"]
[BlackTeam "ISR"]
[WhiteClock "0:00:16"]
[BlackClock "0:00:00"]

1. c4 Nf6 2. Nc3 g6 3. e4 e5 4. Nf3 Nc6 5. d4 exd4 6. Nxd4 Bg7 7. Be3 O-O 8. Be2 Re8 9. f3 d6 10. O-O Bd7 11. Qd2 Nxd4 12. Bxd4 c6 13. Rad1 Be6 14. Bf2 d5 15. cxd5 cxd5 16. Bb5 Bd7 17. Bxd7 Qxd7 18. exd5 b5 19. Bd4 Rad8 20. a3 a5 21. Bxf6 Bxf6 22. Ne4 Bg7 23. Kh1 b4 24. axb4 axb4 25. b3 Qb5 26. Qd3 Qb7 27. f4 Qb6 28. h3 Rd7 29. Nd2 Red8 30. Nc4 Qc5 31. d6 Bf8 32. Qf3 Bxd6 33. Rd5 Qc7 34. f5 Bf8 35. Rxd7 Rxd7 36. Re1 Re7 37. Ra1 Qb7 38. Qxb7 Rxb7 39. Ra8 gxf5 40. Ra5 Rd7 41. Rxf5 Rd3 42. Rf3 Rc3 43. Kh2 Kg7 44. Kg3 h5 45. Kf4 Bc5 46. Ke4 Kg6 47. Ne5+ Kg5 48. Nxf7+ Kg6 49. Ne5+ Kg5 50. g3 h4 51. g4 Rxf3 52. Nxf3+ Kf6 53. Nxh4 Kg5 54. Nf3+ Kg6 55. h4 Be7 56. h5+ Kh6 57. Kf5 Bd8 58. Nd4 Be7 59. Ne6 Bd6 60. Nf4 Be7 61. Nd5 Bd8 62. Nf6 Kg7 63. g5 Kf7 64. h6 Kf8 65. Kg6 1-0

[Event "January 2 Late 2024"]
[Site "https://www.chess.com"]
[Date "2024.01.02"]
[Round "1"]
[White "Medeiros Jr, Francisco De Assis"]
[Black "Keymer, Vincent"]
[Result "0-1"]
[Board "18"]
[TimeControl "180+1"]
[WhiteFideId "2114267"]
[BlackFideId "12940690"]
[WhiteElo "2508"]
[BlackElo "3028"]
[WhiteTeam "BRA"]
[BlackTeam "GER"]
[WhiteClock "0:00:21"]
[BlackClock "0:00:09"]

1. d4 Nf6 2. Nf3 e6 3. Bg5 h6 4. Bh4 c5 5. c3 Qb6 6. Qb3 cxd4 7. Qxb6 axb6 8. Bxf6 gxf6 9. cxd4 b5 10. e3 b4 11. Bd3 Nc6 12. Nbd2 d5 13. Ke2 f5 14. Bb5 Bd7 15. Nb3 Bd6 16. a4 bxa3 17. bxa3 Ke7 18. a4 Rhc8 19. Rac1 Be8 20. g3 Rc7 21. Rhd1 f6 22. Ne1 Rac8 23. Kf1 Na7 24. Bxe8 Kxe8 25. Ke2 Rc4 26. a5 Nb5 27. Nd3 Nc3+ 28. Kf3 Nxd1 29. Rxd1 Ke7 30. Nbc5 Bxc5 31. Nxc5 Rb4 32. Ra1 Ra8 33. h4 Rb5 34. Kf4 Raxa5 35. Rxa5 Rxa5 36. Nxb7 Ra2 37. Kf3 Rc2 38. Nc5 e5 39. Nb3 Ke6 40. Nc5+ Kd6 41. Nb7+ Kc7 42. Nc5 Rxc5 43. dxc5 Kc6 44. g4 fxg4+ 45. Kxg4 Kxc5 46. Kf5 d4 47. exd4+ exd4 48. Kxf6 d3 0-1

[Event "January 2 Late 2024"]
[Site "https://www.chess.com"]
[Date "2024.01.02"]
[Round "1"]
[White "Xiong, Jeffery"]
[Black "Kruckenhauser, Arthur"]
[Result "0-1"]
[Board "19"]
[TimeControl "180+1"]
[WhiteFideId "2047640"]
[BlackFideId "1642812"]
[WhiteElo "3027"]
[BlackElo "2508"]
[WhiteTeam "USA"]
[BlackTeam "AUT"]
[WhiteClock "0:00:55"]
[BlackClock "0:00:35"]

1. e4 c5 2. Nf3 d6 3. Nc3 Nf6 4. d4 cxd4 5. Qxd4 Nc6 6. Qd3 g6 7. Nd5 Bg7 8. c3 O-O 9. Bg5 Re8 10. Be2 h6 11. Nxf6+ exf6 12. Be3 f5 13. exf5 Bxf5 14. Qd2 Kh7 15. O-O Qf6 16. Rad1 Rad8 17. Nd4 Be4 18. Rfe1 Ne5 19. Nb5 a6 20. Nc7 Re7 21. Nd5 Bxd5 22. Qxd5 Nc6 23. Bf1 Re6 24. Bb6 Rde8 25. Rxe6 Rxe6 26. g3 Ne5 27. Bg2 Nc6 28. Bf1 Ne5 29. Kg2 h5 30. Qxb7 d5 31. Qxd5 Rxb6 32. b3 h4 33. Rd2 Re6 34. Qe4 h3+ 35. Kxh3 Nf3 0-1

[Event "January 2 Late 2024"]
[Site "https://www.chess.com"]
[Date "2024.01.02"]
[Round "1"]
[White "Jaiveer Mahendru"]
[Black "Bluebaum, Matthias"]
[Result "0-1"]
[Board "20"]
[TimeControl "180+1"]
[WhiteFideId "25611151"]
[BlackFideId "24651516"]
[WhiteElo "2507"]
[BlackElo "3021"]
[WhiteTeam "IND"]
[BlackTeam "GER"]
[WhiteClock "0:00:01"]
[BlackClock "0:00:32"]

1. f4 d5 2. Nf3 Nf6 3. g3 e6 4. Bg2 b5 5. O-O Bb7 6. d3 Be7 7. Qe1 O-O 8. Nbd2 c5 9. e4 dxe4 10. dxe4 Nc6 11. e5 Nd7 12. Ne4 Qc7 13. c3 Rfd8 14. g4 c4 15. Ng3 Nc5 16. Qe2 Nd3 17. Be3 Bc5 18. Bxc5 Nxc5 19. f5 Nd3 20. f6 Ncxe5 21. fxg7 Qc5+ 22. Nd4 Bxg2 23. Qxg2 Qd5 24. Ne4 Kxg7 25. h4 Kh8 26. Rf6 Nc5 27. Nxc5 Qxc5 28. Raf1 Nxg4 29. Rxf7 Rg8 30. Kh1 Qh5 31. Nf3 Qxf7 32. Ng5 Qh5 33. Qg3 Rxg5 0-1

[Event "January 2 Late 2024"]
[Site "https://www.chess.com"]
[Date "2024.01.02"]
[Round "1"]
[White "Hakobyan, Aram"]
[Black "Stojanovski, Sandi"]
[Result "1-0"]
[Board "21"]
[TimeControl "180+1"]
[WhiteFideId "13306677"]
[BlackFideId "1403249"]
[WhiteElo "3021"]
[BlackElo "2507"]
[WhiteTeam "ARM"]
[BlackTeam "DEN"]
[WhiteClock "0:01:19"]
[BlackClock "0:00:00"]

1. d4 Nf6 2. c4 e6 3. Nc3 Bb4 4. e3 O-O 5. a3 Bxc3+ 6. bxc3 c5 7. Ne2 d6 8. Ng3 Nc6 9. Be2 b6 10. O-O Ba6 11. e4 Na5 12. f4 Bxc4 13. f5 e5 14. Bg5 h6 15. Bh4 cxd4 16. cxd4 Bxe2 17. Qxe2 Nb3 18. Nh5 Nxd4 19. Qd3 Kh7 20. Qh3 Rg8 21. Rad1 Ne2+ 22. Kh1 Nf4 23. Nxf4 exf4 24. e5 1-0

[Event "January 2 Late 2024"]
[Site "https://www.chess.com"]
[Date "2024.01.02"]
[Round "1"]
[White "Shuvalov, Evgenij"]
[Black "Bortnyk, Olexandr"]
[Result "0-1"]
[Board "22"]
[TimeControl "180+1"]
[WhiteFideId "4187237"]
[BlackFideId "14120828"]
[WhiteElo "2503"]
[BlackElo "3010"]
[WhiteTeam "FID"]
[BlackTeam "UKR"]
[WhiteClock "0:00:21"]
[BlackClock "0:01:22"]

1. d4 Nf6 2. c4 b6 3. Nc3 Bb7 4. f3 Nc6 5. d5 Ne5 6. e4 e6 7. a3 Bc5 8. b4 Bxg1 9. Rxg1 O-O 10. Be3 exd5 11. cxd5 Re8 12. Qd2 c6 13. d6 a5 14. bxa5 Rxa5 15. Be2 Ba6 16. Bxa6 Rxa6 17. h3 Nc4 18. Qd3 b5 19. Bc5 Nh5 20. g3 Qg5 21. Bf2 Qf6 22. f4 Rxe4+ 23. Nxe4 Qxa1+ 24. Ke2 Qb2+ 25. Nd2 Rxa3 26. Rb1 Rxd3 27. Rxb2 Nxb2 28. Ne4 f5 29. Nc5 Rxd6 0-1

[Event "January 2 Late 2024"]
[Site "https://www.chess.com"]
[Date "2024.01.02"]
[Round "1"]
[White "Sarana, Alexey"]
[Black "Ferey, Antonin"]
[Result "1-0"]
[Board "23"]
[TimeControl "180+1"]
[WhiteFideId "24133795"]
[BlackFideId "36051454"]
[WhiteElo "3007"]
[BlackElo "2502"]
[WhiteTeam "SRB"]
[BlackTeam "FRA"]
[WhiteClock "0:01:48"]
[BlackClock "0:00:00"]

1. d4 Nf6 2. c4 e6 3. Nc3 Bb4 4. e3 c5 5. Bd3 Bxc3+ 6. bxc3 d6 7. e4 e5 8. d5 b6 9. Ne2 Ba6 10. f4 exf4 11. Bxf4 Qe7 12. Ng3 Bc8 13. O-O Bg4 14. Qa4+ Nfd7 15. h3 g5 16. Bd2 Qe5 17. Be1 h5 18. hxg4 hxg4 19. Rf5 Qg7 20. Bd2 Qh6 21. Kf2 f6 22. e5 dxe5 23. Be4 a6 24. d6 Ra7 25. Rb1 Qh2 26. Rxb6 Rh3 27. Rxb8+ Kf7 28. Nf1 g3+ 29. Ke1 Rh4 30. Bd5+ Kg6 31. Rg8+ Kh7 32. Qc2 e4 33. Re8 Ne5 34. Rexe5 fxe5 35. Bxe4 Kh6 36. Rf6+ Kg7 37. Bxg5 Rb7 38. Rg6+ Kf7 39. Bd5+ 1-0